 Dungeon Crawl Stone Soup version 0.30-a0-304-gdc4b735fe1 (webtiles) character file.

Game seed: 18435407630034236905

53 lunkers the Digger (level 4, -4/33 HPs)
             Began as a Meteoran Earth Elementalist on Oct 21, 2022.
             Slain by a gnoll
             ... wielding a +0 halberd
              (12 damage)
             ... on level 3 of the Dungeon.
             The game lasted 00:01:26 (790 turns).

lunkers the Digger (Meteoran Earth Elementalist)     Turns: 790, Time: 00:01:26

Health: -4/33      AC:  6    Str: 10    XL:     4   Next: 31%
Magic:  9/10       EV: 12    Int: 18    God:
Gold:   93         SH:  0    Dex: 14    Spells: 4/10 levels left

rFire   . . .      SeeInvis .    f - +1 falchion (holy)
rCold   . . .      Faith    .    (no shield)
rNeg    . . .      Spirit   .    a - +0 robe
rPois   .          Reflect  .    (no helmet)
rElec   .          Harm     .    (no cloak)
rCorr   .          Rampage  .    (no gloves)
Will    .....                    (no boots)
Stlth   +.........               (no amulet)
HPRegen 0.25/turn                i - +4 ring of protection
MPRegen 0.12/turn                (no ring)

@: glowing
A: sense surroundings 1, otherworldly, glowing, explore regen
a: no special abilities


You were on level 3 of the Dungeon.
You visited 1 branch of the dungeon, and saw 3 of its levels.

You collected 93 gold pieces.

Inventory:

Hand Weapons
 f - a +1 falchion of holy wrath (weapon)
Armour
 a - a +0 robe (worn)
Jewellery
 i - a +4 ring of protection (left hand)
Scrolls
 d - a scroll of teleportation {unknown}
 e - a scroll of amnesia {unknown}
 h - a scroll of blinking {unknown}
Potions
 b - a potion of magic
 c - a potion of haste {unknown}
 g - a potion of flight {unknown}


   Skills:
 - Level 2.4 Dodging
 - Level 1.4 Stealth
 + Level 3.5 Spellcasting
 - Level 1.2 Transmutations
 * Level 5.1 Earth Magic


You had 4 spell levels left.
You knew the following spells:

 Your Spells              Type           Power      Damage    Failure   Level
a - Sandblast             Erth           42%        2d11      1%          1
b - Passwall              Tmut/Erth      11%        N/A       6%          2
c - Stone Arrow           Conj/Erth      24%        3d8       16%         3

Your spell library contained the following spells:

 Spells                   Type           Power      Damage    Failure   Level
 Petrify                  Tmut/Erth      14%        N/A       38%         4
 Inner Flame              Hex/Fire       3%         N/A       43%         3
 Flame Wave               Conj/Fire      3%         2d5       83%         4
 Sticky Flame             Conj/Fire      3%         2d3       83%         4


Dungeon Overview and Level Annotations

Branches:
Dungeon (3/15) Zot: 988

Altars:
Elyvilon
Xom

Shops:
D:1 !   D:2 (


Innate Abilities, Weirdness & Mutations

You passively map a small area around you.
You are easily found by Zot.
You glow in the dark.
You regain HP and MP as you explore.


Message History

Where to? (Enter - D:2, ? - help)
What level of the Dungeon? (default 1, ? - help)
There is a stone staircase leading down here.
You climb downwards.
Found a tubular opal ring and a glowing falchion.
There is a stone staircase leading up here.
i - a +4 ring of protection No target in view!
i - a +4 ring of protection (left hand)
There is a stone staircase leading up here.
Why would you want to do that?
A gnoll comes into view. It is wielding a +0 flail.
The gnoll hits you but does no damage.
You hit the gnoll but do no damage. The gnoll hits you with a +0 flail.
Casting: Sandblast (safe; 1% risk of failure)
Confirm with . or Enter, or press ? or * to list all spells.
The blast of sand hits the gnoll!
The gnoll is heavily wounded.
The gnoll hits you with a +0 flail! The gnoll closely misses you.
Casting: Sandblast (safe; 1% risk of failure)
Confirm with . or Enter, or press ? or * to list all spells.
The blast of sand hits the gnoll!
You kill the gnoll!
Your Earth Magic skill increases to level 5!
No target in view!
No target in view!
No target in view!
A gnoll comes into view. It is wielding a +0 club.
The gnoll shouts!
A gnoll comes into view. It is wielding a +0 halberd.
You see here a +0 flail.
Found a white marble altar of Elyvilon and a shimmering altar of Xom.
You barely miss the gnoll. The gnoll hits you with a +0 club.
* * * LOW HITPOINT WARNING * * *
The gnoll hits you from afar with a +0 halberd!
* * * LOW HITPOINT WARNING * * *
The gnoll hits you with a +0 club.
* * * LOW HITPOINT WARNING * * *
The gnoll hits you from afar with a +0 halberd!
You die...

##################
#######.................
≈≈≈≈≈≈≈.≈≈≈≈≈≈≈#..#####
≈#####≈)≈#####≈##.# *~
#≈@≈# ~#≈##.#
#≈_....gg._≈#≈##.#
#≈≈≈#≈.≈#≈≈≈#≈##.#
#####≈.≈#####≈##.#### ~
≈≈.≈≈≈≈≈≈≈...<..# *
###..########.##.#**
#### #.##.#* *,* * **
#.##.# , #.#...


You could see 2 gnolls.

Vanquished Creatures
  A gnoll (D:3)
  A worm (D:2)
  8 endoplasms
  A giant cockroach (D:1)
  2 goblins
  2 hobgoblins
  3 jackals (D:1)
  2 kobolds
  A quokka (D:1)
  6 ball pythons
  3 bats (D:2)
  4 frilled lizards
  4 rats
38 creatures vanquished.

Notes
Turn   | Place    | Note
-------+----------+-------------------------------------------
     0 | D:1      | lunkers the Meteoran Earth Elementalist began the quest for
                  | the Orb.
     0 | D:1      | Reached XP level 1. HP: 14/14 MP: 5/5
    40 | D:1      | Reached XP level 2. HP: 20/20 MP: 2/6
    51 | D:1      | Found Heumpedgho's Distillery.
    87 | D:1      | Reached skill level 4 in Earth Magic
   254 | D:1      | Learned a level 2 spell: Passwall
   259 | D:1      | Reached XP level 3. HP: 26/26 MP: 5/8
   263 | D:1      | Learned a level 3 spell: Stone Arrow
   684 | D:2      | Found Koinas's Weapon Shoppe.
   688 | D:2      | Reached XP level 4. HP: 33/33 MP: 7/10
   788 | D:3      | Reached skill level 5 in Earth Magic
   789 | D:3      | Found a white marble altar of Elyvilon.
   789 | D:3      | Found a shimmering altar of Xom.
   790 | D:3      | Slain by a gnoll

Illustrated notes

Levels and vault maps discovered:
D:1:      eino_arrival_cavern_c, layout_basic, serial_shops, shop,
          chequers_serial_rivers_large_b
D:2:      layout_loops_cross, serial_shops, shop, nrook_campfire
D:3:      layout_loops_ring, nicolae_overflow_two_pavilions, serial_shops, shop,
          minmay_puff

Skill      XL: |  1  2  3  4 |
---------------+-------------+-----
Earth Magic    | 4 5 |  5.1
Spellcasting   | 3 |  3.5
Dodging        | |  2.4
Stealth        | |  1.4
Transmutations | |  1.2

Action                   |  1- 3 |  4- 6 || total
-------------------------+-------+-------++-------
Melee: Falchion          |       |     2 ||     2
 Cast: Sandblast         |    39 |     4 ||    43
Armor: Robe              |     1 |     1 ||     2
Dodge: Dodged            |     3 |     1 ||     4

Table legend: (Time is in decaauts)
 A = Elapsed time spent in this place.
 B = Non-inter-level travel time spent in this place.
 C = Inter-level travel time spent in this place.
 D = Time resting spent in this place.
 E = Time spent auto-exploring this place.
 F = Levels seen in this place.
 G = Mean time per level.
                   A        B        C        D        E       F      G
               +--------+--------+--------+--------+--------+-----+--------+
         Total |    810 |    749 |     61 |      0 |    571 |   3 |  270.0 |
       Dungeon |    810 |    749 |     61 |      0 |    571 |   3 |  270.0 |
               +--------+--------+--------+--------+--------+-----+--------+

Top non-repeatable levels by time:
     D:1: 404 daAuts
     D:2: 374 daAuts
     D:3: 31 daAuts
